 Dungeon Crawl Stone Soup version 0.31-a0-4-gefa6de2278 (webtiles) character file.

Game seed: 5678589753693573726

591 ryw the Conjurer (level 7, -4/43 HPs)
             Began as an Octopode Hedge Wizard on May 4, 2023.
             Slain by an ice beast (14 damage)
             ... on level 5 of the Dungeon.
             The game lasted 00:11:55 (5624 turns).

ryw the Conjurer (Octopode Hedge Wizard)            Turns: 5624, Time: 00:11:55

Health: -4/43      AC:  1    Str: 10    XL:     7   Next: 39%
Magic:  8/13       EV: 18    Int: 18    God:
Gold:   857        SH:  0    Dex: 11    Spells: 7/15 levels left

rFire   + . .        a - +1 dagger (venom)
rCold   . . .        (no shield)
rNeg    . . .        b - +0 hat
rPois   .            r - amulet of regeneration
rElec   .            j - ring of protection from fire
rCorr   .            l - +5 ring of evasion
SInv    .            (no ring)
Will    .....        (no ring)
Stlth   +++          (no ring)
HPRegen 1.07/turn    (no ring)
MPRegen 0.13/turn    (no ring)
                     (no ring)

%: no passive effects
@: no status effects
A: almost no armour, amphibious, 8 rings, camouflage 1, gelatinous body 1,
(nimble swimmer 1), tentacles
a: no special abilities


You were on level 5 of the Dungeon.
You visited 2 branches of the dungeon, and saw 6 of its levels.

You collected 857 gold pieces.

Inventory:

Hand Weapons
 a - a +1 dagger of venom (weapon)
Armour
 b - a +0 hat (worn)
Jewellery
 j - a ring of protection from fire (left tentacle)
 l - a +5 ring of evasion (right tentacle)
 r - an amulet of regeneration (around mantle)
Wands
 u - a wand of roots (8)
Scrolls
 d - 4 scrolls of teleportation
 f - 2 scrolls of enchant weapon
 g - 2 scrolls of amnesia
 p - a scroll of magic mapping
 t - 2 scrolls of noise
Potions
 c - a potion of magic
 e - a potion of brilliance
 h - a potion of ambrosia {unknown}
 i - a potion of curing
 k - a potion of mutation {unknown}
 m - a potion of flight {unknown}
 n - a potion of attraction {unknown}
 o - a potion of heal wounds {unknown}
 s - a potion of berserk rage {unknown}
 w - a potion of degeneration {unknown}
 x - a potion of might {unknown}


   Skills:
 + Level 1.1 Fighting
 + Level 2.4 Dodging
 - Level 2.6 Stealth
 + Level 4.6 Spellcasting
 - Level 6.0 Conjurations
 + Level 1.6 Summonings
 + Level 1.6 Translocations


You had 7 spell levels left.
You knew the following spells:

 Your Spells              Type           Power      Damage    Failure   Level
a - Magic Dart            Conj           100%       1d8       1%          1
b - Blink                 Tloc           18%        N/A       11%         2
c - Call Imp              Summ           18%        N/A       11%         2
d - Mephitic Cloud        Conj/Pois/Air  11%        N/A       19%         3

Your spell library contained the following spells:

 Spells                   Type           Power      Damage    Failure   Level
 Shock                    Conj/Air       56%        1d6       4%          1
 Hailstorm                Conj/Ice       14%        3d5       12%         3
 Freeze                   Ice            16%        1d4       14%         1
 Slow                     Hex            16%        N/A       14%         1
 Cigotuvi's Dreadful Rot  Necr/Pois/Air  8%         N/A       22%         2
 Sublimation of Blood     Necr           4%         N/A       22%         2
 Wereblood                Tmut           4%         N/A       22%         2
 Confusing Touch          Hex            4%         N/A       38%         3
 Frozen Ramparts          Ice            8%         1d2       38%         3
 Swiftness                Air            4%         N/A       38%         3
 Vampiric Draining        Necr           4%         2d6       38%         3
 Airstrike                Air            2%         2d(1-17)  80%         4
 Summon Hydra             Summ           4%         N/A       100%        7


Dungeon Overview and Level Annotations

Branches:
Dungeon (5/15)             Temple (1/1) D:5

Altars:
Ashenzari
Dithmenos
Elyvilon
Gozag
Hepliaklqana
Kikubaaqudgha
Makhleb
Nemelex Xobeh
Okawaru
Ru
Trog
Uskayaw
Vehumet
Wu Jian
Xom
Yredelemnul
Zin
The Shining One


Innate Abilities, Weirdness & Mutations

You cannot wear most types of armour.
You are amphibious.
You can wear up to eight rings at the same time.
Your skin changes colour to match your surroundings (Stealth+).
Your rubbery body absorbs attacks. (AC +1, EV +1)
((You are camouflaged when in or above water. (Stealth+)))
You have tentacles for arms and can constrict up to eight enemies at once.


Message History

Casting: Magic Dart (safe; 1% risk of failure)
Confirm with . or Enter, or press ? or * to list all spells.
Aiming: Magic Dart (safe; 1% risk of failure)
Press: ? - help, Shift-Dir - straight line, f/p - ice beast
Aim: an ice beast (lightly wounded, ally target, 100% to hit)
The magic dart hits the ice beast but does no damage.
The ice beast is lightly wounded.
Your cerulean imp hits the ice beast but does no damage.
You closely miss the ice beast. Your squeeze misses the ice beast.
The ice beast is lightly wounded.
The ice beast barely misses you.
Your cerulean imp barely misses the ice beast.
You barely miss the ice beast. Your squeeze misses the ice beast.
The ice beast is lightly wounded.
The ice beast hits you. The ice beast freezes you!
Your cerulean imp hits the ice beast but does no damage.
You hit the ice beast.
The ice beast is moderately wounded.
The ice beast hits you. The ice beast freezes you.
Your cerulean imp closely misses the ice beast.
You hit the ice beast.
You squeeze the ice beast, but do no damage.
The ice beast is moderately wounded.
The ice beast misses you.
Your cerulean imp misses the ice beast.
You hit the ice beast but do no damage. Your squeeze misses the ice beast.
The ice beast is moderately wounded.
The ice beast hits you. The ice beast freezes you!
* * * LOW HITPOINT WARNING * * *
Your cerulean imp hits the ice beast but does no damage.
Okay, then.
Unknown command.
You feel better. The ice beast hits you.
* * * LOW HITPOINT WARNING * * *
The ice beast freezes you.
* * * LOW HITPOINT WARNING * * *
Your cerulean imp hits the ice beast but does no damage.
You feel better. The ice beast hits you.
* * * LOW HITPOINT WARNING * * *
The ice beast freezes you!
You die...

#. .####.
#.######......
#.............
#.#...##....#
#[..#....##
#..###.#..#
#..###Y5##...
#.Y.##...##.#
#.@5##....# #
#...#..>.## .# #
#..#.....###.#..
#....##...#..#.#
#...####....# .#
##.## #...####.###.
#..#....#...#......
#.#...#####........
..... ##...##..


You could see an ice beast (ally target) and a friendly cerulean imp (summoned).

Vanquished Creatures
  A black bear (D:4)
  A phantom (D:4)
  2 scorpions
  A howler monkey (D:4)
  An iguana (D:4)
  A sleepcap (D:4)
  8 adders
  An ufetubus (D:4)
  5 dart slugs
  7 orcs
  5 endoplasms
  6 goblins
  2 hobgoblins (D:1)
  4 jackals (D:1)
  3 quokkas
  6 ball pythons
  2 bats
  A frilled lizard (D:1)
  4 kobolds
  6 rats
67 creatures vanquished.

Vanquished Creatures (collateral kills)
  A hound (D:3)
  3 adders
  A worm (D:3)
  A hobgoblin (D:3)
6 creatures vanquished.

Grand Total: 73 creatures vanquished

Notes
Turn   | Place    | Note
-------+----------+-------------------------------------------
     0 | D:1      | ryw the Octopode Hedge Wizard began the quest for the Orb.
     0 | D:1      | Reached XP level 1. HP: 11/11 MP: 4/4
   403 | D:1      | Reached skill level 2 in Conjurations
   403 | D:1      | Reached XP level 2. HP: 17/17 MP: 1/6
   885 | D:1      | Reached XP level 3. HP: 21/21 MP: 0/7
  1015 | D:1      | Reached skill level 3 in Conjurations
  1260 | D:1      | Identified a scroll of acquirement
  1260 | D:1      | Acquired 700 gold pieces
  1504 | D:2      | Learned a level 2 spell: Blink
  1507 | D:2      | Learned a level 2 spell: Call Imp
  1511 | D:2      | Learned a level 3 spell: Mephitic Cloud
  1610 | D:2      | Reached XP level 4. HP: 27/27 MP: 3/8
  1789 | D:2      | Found a bloodstained altar of Trog.
  2222 | D:3      | Reached skill level 4 in Conjurations
  2414 | D:3      | Noticed a +0 short sword
  2414 | D:3      | Noticed a +0 dagger
  2414 | D:3      | Noticed a +0 dagger
  2415 | D:3      | Noticed a +0 spear
  2415 | D:3      | Noticed a +0 falchion
  2415 | D:3      | Noticed a +0 spear
  2416 | D:3      | Noticed a +0 short sword
  2416 | D:3      | Noticed a +0 falchion
  2423 | D:3      | Found a hide-covered altar of Uskayaw.
  2481 | D:3      | Found a glowing silver altar of Zin.
  2490 | D:3      | Found a sacrificial altar of Ru.
  2594 | D:3      | Found an ornate altar of the Wu Jian Council.
  3204 | D:3      | Reached XP level 5. HP: 31/31 MP: 2/9
  3495 | D:4      | Found a burning altar of Makhleb.
  3495 | D:4      | Noticed a balrug
  3518 | D:4      | Reached skill level 5 in Conjurations
  3652 | D:4      | Reached XP level 6. HP: 36/36 MP: 3/10
  3714 | D:4      | Noticed a black bear
  3778 | D:4      | Killed a black bear
  3779 | D:4      | Reached skill level 6 in Conjurations
  4695 | D:4      | Reached XP level 7. HP: 42/42 MP: 6/13
  5209 | D:5      | Entered Level 5 of the Dungeon
  5275 | D:5      | Found a staircase to the Ecumenical Temple.
  5289 | Temple   | Entered the Ecumenical Temple
  5612 | D:5      | Reached skill level 1 in Fighting
  5623 | D:5      | HP: 2/43 [ice beast (6)]
  5624 | D:5      | Slain by an ice beast

Illustrated notes

Levels and vault maps discovered:
D:1:      dpeg_arrival_water_fire, layout_basic
D:2:      minmay_alternating_diamond, layout_rooms, basic_altar
D:3:      layout_loops_cross, nzn_wu_jian_council_hall,
          nicolae_uskayaw_en_pointe, gammafunk_temple_overflow_statue,
          minivault_27
D:4:      layout_cave_pods, makhleb_altar_promises_db, nicolae_half_adder
D:5:      layout_loops_corners, mainiacjoe_overflow_small_starburst,
          minmay_temple_entry_wispy, grunt_decor_resistance,
          nicolae_underground_beach
Temple:   oiseaux_autumnal_temple

Skill      XL: |  1  2  3  4  5  6  7 |
---------------+----------------------+-----
Conjurations   | 2 3 4 5 6 |  6.0
Spellcasting   | 4 |  4.6
Fighting       | 1 |  1.1
Dodging        | |  2.4
Stealth        | |  2.6
Summonings     | |  1.6
Translocations | |  1.6

Action                     |  1- 3 |  4- 6 |  7- 9 || total
---------------------------+-------+-------+-------++-------
  Melee: Dagger            |    17 |    21 |    14 ||    52
         Constrict         |     4 |     6 |     2 ||    12
         Tentacles         |     3 |     4 |     2 ||     9
         Punch             |     1 |     1 |       ||     2
   Cast: Magic Dart        |    78 |    92 |     8 ||   178
         Call Imp          |       |    15 |     5 ||    20
         Mephitic Cloud    |       |     1 |       ||     1
    Use: Scroll            |     1 |     7 |     4 ||    12
         Potion            |       |       |     2 ||     2
   Stab: Confused          |       |     1 |       ||     1
 Armour: Skin              |     2 |     2 |       ||     4
  Dodge: Dodged            |    16 |    48 |    12 ||    76

Table legend: (Time is in decaauts)
 A = Elapsed time spent in this place.
 B = Non-inter-level travel time spent in this place.
 C = Inter-level travel time spent in this place.
 D = Time resting spent in this place.
 E = Time spent auto-exploring this place.
 F = Levels seen in this place.
 G = Mean time per level.
                   A        B        C        D        E       F      G
               +--------+--------+--------+--------+--------+-----+--------+
         Total |   5624 |   5403 |    221 |   1080 |   3576 |   6 |  937.3 |
       Dungeon |   5316 |   5145 |    171 |   1080 |   3333 |   5 | 1063.2 |
        Temple |    307 |    257 |     50 |      0 |    243 |   1 |  307.0 |
               +--------+--------+--------+--------+--------+-----+--------+

Top non-repeatable levels by time:
     D:4: 1849 daAuts
     D:1: 1273 daAuts
     D:3: 1242 daAuts
     D:2: 843 daAuts
  Temple: 307 daAuts
     D:5: 107 daAuts
